Map: Abyssal Reef LE

Players

PtitDrogo

  • Race: Protoss Protoss
  • League: Master
  • Spawn Location: 5:00

liquidthermy (uThermal) - Winner!

  • Race: Terran Terran
  • League: Master
  • Spawn Location: 11:00

Event: HomeStory Cup XV

VOD

Have the link to the VOD?

Description

Time

  • Played on: July 22, 2017, 5:28 p.m.
  • Length: 6:33

All games in this series

Show
View Real Time Build Order
Export as new Build Order

PtitDrogo Protoss 

Build Orders: 1 Gate Expand 

Get SALT Encoding   

  12  0:01  Probe (Chrono Boost)  
  13  0:11  Probe (Chrono Boost)  
  14  0:17  Pylon  
  14  0:22  Probe (Chrono Boost)  
  15  0:35  Probe (Chrono Boost)  
  16  0:36  Gateway  
  16  0:41  Assimilator  
  16  0:46  Probe (Chrono Boost)  
  17  0:56  Probe (Chrono Boost)  
  18  1:07  Probe (Chrono Boost)  
  19  1:20  Nexus  
  19  1:25  Probe (Chrono Boost)  
  20  1:32  Cybernetics Core  
  20  1:38  Probe (Chrono Boost)  
  21  1:41  Assimilator  
  21  1:49  Probe (Chrono Boost)  
  22  1:54  Pylon  
  22  1:59  Probe (Chrono Boost)  
  23  2:10  Warp Gate  
  23  2:12  Adept (Chrono Boost)  
  23  2:14  Probe  
  26  2:25  Robotics Facility  
  26  2:26  Probe  
  27  2:31  Probe  
  27  2:36  Adept (Chrono Boost)  
  30  2:40  Probe  
  30  2:42  Probe  
  32  2:52  Probe, Mothership Core  
  35  3:00  Adept (Chrono Boost)  
  33  3:17  Probe, Immortal (Chrono Boost)  
  35  3:23  Mothership Core  
  35  3:39  Pylon  
  31  3:48  Probe  
  32  3:59  Pylon  
  32  4:04  Pylon  
  32  4:09  Gateway x2  
  32  4:18  Immortal (Chrono Boost)  
  32  4:22  Sentry  
  38  4:27  Probe  
  38  4:31  Pylon  
  39  4:39  Probe  
  40  4:47  Stalker  
  40  4:51  Probe  
  40  4:52  Warp Prism (Chrono Boost)  
  45  5:03  Probe  
  46  5:13  Nexus  
  46  5:18  Probe  
  46  5:19  Sentry  
  46  5:20  Sentry  
  51  5:23  Sentry  
  53  5:30  Probe  
  53  5:32  Pylon  
  53  5:35  Observer (Chrono Boost)  
  55  5:39  Pylon  
  55  5:50  Probe  
  55  5:56  Adept x2  
  60  5:57  Adept  
  62  6:06  Probe  
  61  6:18  Probe  
Show
View Real Time Build Order
Export as new Build Order

liquidthermy Terran - Winner!

Build Orders: Cyclone Opening 

Get SALT Encoding   

  12  0:01  SCV  
  13  0:13  SCV  
  14  0:17  Supply Depot  
  14  0:25  SCV  
  15  0:28  Refinery  
  15  0:38  SCV  
  16  0:44  Barracks  
  16  0:50  SCV  
  17  1:03  SCV  
  18  1:15  SCV  
  19  1:32  Marine, Orbital Command  
  20  1:33  Factory  
  20  1:47  Supply Depot  
  20  1:49  Marine  
  21  1:57  SCV  
  21  2:01  Supply Depot  
  22  2:07  Marine  
  23  2:12  SCV  
  24  2:17  Cyclone  
  27  2:24  SCV  
  27  2:25  Marine  
  29  2:36  SCV  
  30  2:43  Marine  
  31  2:50  Command Center  
  31  2:54  Cyclone  
  34  3:01  Bunker  
  34  3:16  Marine  
  35  3:25  SCV  
  34  3:28  Cyclone, Engineering Bay  
  34  3:32  Supply Depot  
  36  3:37  SCV  
  36  3:49  SCV  
  37  3:55  Missile Turret  
  37  4:01  Barracks  
  37  4:02  SCV, Barracks  
  37  4:10  Orbital Command  
  37  4:14  SCV  
  37  4:15  Barracks Reactor  
  38  4:26  SCV  
  38  4:30  Refinery  
  41  4:37  SCV  
  41  4:38  SCV  
  41  4:41  Bunker  
  41  4:49  SCV, Barracks Tech Lab x2  
  41  4:50  SCV  
  41  4:52  Marine x2  
  43  4:53  Refinery  
  43  4:54  Starport  
  45  5:01  SCV  
  45  5:02  SCV  
  47  5:09  Marauder, Marine  
  47  5:10  Marine x2  
  47  5:13  SCV  
  53  5:14  SCV  
  53  5:19  Supply Depot  
  54  5:25  SCV, Refinery  
  54  5:26  SCV  
  56  5:28  Marine  
  56  5:31  Starport Reactor  
  56  5:33  Marine x2  
  59  5:37  SCV  
  59  5:38  SCV  
  59  5:39  Supply Depot  
  61  5:48  Marine x2  
  61  5:49  SCV  
  64  5:50  Marine  
  64  5:52  SCV  
  64  5:55  Marine  
  67  6:01  SCV  
  67  6:03  Supply Depot  
  67  6:04  SCV  
  69  6:09  Marine  
  74  6:13  SCV  
  74  6:16  SCV  
Tags
 
Add a new tag
Caveats
  • Supply blocks, unpowered buildings, or Contaminate may cause inaccurate times.
  • Supply counts are checked every 10 seconds.